Zazza, neutral female human Tourist $ ------ # $ |`...| ---- --------- ----- $ #......# $ |$$| |........#####|)..| #------# |$$| |.......| [-...| $ #### # ---- *$ |.......| |I..| # # $ #.........# ....|# # # * * #---------) ---|-# $ # # (# # # # # # # # # ### # # -------# # $ [ $ # # # )## ----------- |.....|# $ # ----- $ $ $ #### ### # # |.$$$$$$$$| |.....-# # |[..| # #----+---------### |.$$$$$$$$| |.....| ##-...| ( #.............| # |.$$$$$$$$| |.....| |....#### ----------( |.......`....| ###|.$$$$$$$$| |....>| |...| # |....<...|# #####+............| #|.$$$$$$$$| ------- |....#####.........|) |...)........| ----------- |...| |........|# |............| ----- |........)# -------------- ---------- $ Zazza the Rambler Experience level: 2 Strength: 13 Dexterity: 9 Constitution: 18 Intelligence: 11 Wisdom: 7 Charisma: 18 Health: 0(24) Energy: 12(12) Def: 3 Gold: 0 Moves: 4021 Dungeon seed: 8e8PHiPnOJf6Kg6i Game ID: Zazza_1619433193 Your Inventory: Weapons a - 20 +2 darts t - 12 +0 darts H - 7 +0 silver arrows P - a +0 dagger (weapon in hand) R - a +0 elven dagger Armor e - an uncursed +0 Hawaiian shirt q - an uncursed +0 small shield (being worn) y - an uncursed +0 orcish helm (being worn) z - an uncursed +0 pair of low boots (being worn) Comestibles b - 17 uncursed food rations i - an uncursed lichen corpse A - 2 uncursed bananas F - 2 uncursed carrots I - 3 uncursed slime molds Scrolls J - an uncursed scroll of genocide K - an uncursed scroll of scare monster Q - an uncursed scroll of create monster U - an uncursed scroll of amnesia Spellbooks u - an uncursed spellbook of magic missile v - an uncursed spellbook of knock Potions h - an uncursed potion of extra healing j - an uncursed potion of fruit juice o - an uncursed potion of gain energy p - an uncursed potion of hallucination s - an uncursed potion of water B - a cursed potion of invisibility W - a potion of unholy water X - 2 uncursed potions of polymorph Z - a cursed potion of extra healing Wands n - a wand of striking (0:5) Tools k - an expensive camera (0:62) l - an uncursed credit card m - an uncursed leash S - an uncursed tallow candle (0:200) Gems d - an uncursed luckstone g - an uncursed worthless piece of black glass r - an uncursed worthless piece of blue glass N - 2 uncursed worthless pieces of green glass Y - 2 uncursed opals Spells and supernatural/magical abilities: Name Level Category Fail Memory W - pray for help -- divine ? -- Your skills at the end: Fighting Skills Weapon Skills dart [Basic] Spellcasting Skills Final Attributes: You had strayed. You saw invisible. You were lucky. You had extra luck. Bad luck did not time out for you. Good luck did not time out for you. You are dead. Vanquished creatures: 4 shriekers a gray ooze a kobold lord 2 hill orcs a giant bat 5 dwarf zombies an iguana 3 coyotes 2 hobbits 3 manes a large kobold 9 giant rats 3 brown molds 2 yellow molds a gnome 5 garter snakes a gnome zombie 3 geckos 10 jackals 3 foxes 2 kobolds a goblin 6 sewer rats 10 grid bugs 8 lichens a kobold zombie 2 newts 91 creatures vanquished. Voluntary challenges: You used a wielded weapon 3 times, starting on turn 3462. You read items or engraved 38 times, starting on turn 4. You never genocided any monsters. You never polymorphed an object. You never changed form. You used no wishes. You never split a pudding. You wrote Elbereth's name 19 times, starting on turn 5. You violated your moral code, losing 2 points of alignment, starting on turn 3921. Dungeon overview: The Dungeons of Doom: levels 1 to 7 Level 1 a long staircase Level 2 an altar to Offler, a fountain stairs to The Gnomish Mines Level 3 a delicatessen, an altar to The Lady, some fountains Level 4 a potion shop, an altar to Blind Io, a fountain Level 5 many fountains Level 7 <- You were here The Gnomish Mines: Level 3 stairs to The Dungeons of Doom History has recorded: On T:1 you entered the Dungeons of Doom to retrieve the Amulet of Yendor! On T:362 you reached level 2 of The Dungeons of Doom. On T:644 you reached level 3 of The Dungeons of Doom. On T:959 you reached level 1 of The Gnomish Mines. On T:1804 you reached level 4 of The Dungeons of Doom. On T:2518 you reached level 5 of The Dungeons of Doom. On T:3762 you reached level 7 of The Dungeons of Doom. On T:3977 you advanced to experience level 2. Score breakdown: Gold: 0 ( 0 points) Experience: 2 levels ( 5570 points) Exploration: 7 levels ( 14.89%) (10834 points) Discoveries: 7 items ( 2.35%) ( 4597 points) Valuables value: (no points given unless you survive) Artifact value: 0 ( 0 points) Variety of kills: 27 monsters ( 7.09%) ( 7986 points) Turncount: 4021 turns (-1032 points) Survival: died (score multiplied by 80%) Total score: 22364 Latest messages: You write in the dust with your fingers. The hill orc turns to flee! (2x) You have a little trouble lifting p - a ruby potion. The garter snake bites! (2x) There is nothing here to pick up. You write in the dust with your fingers. The hill orc turns to flee! Something is written here in the dust. You read: "Elbereth". You see no objects here. The little dog misses the garter snake. The garter snake turns to flee! You suddenly fall asleep! It is hit. (2x) It hits! You are hit! It hits! (3x) You die... Final status: Aloha Zazza the Tourist, killed by a hill orc, while sleeping... You died in The Dungeons of Doom on dungeon level 7 with 22364 points, and 0 pieces of gold, after 4021 moves. You were level 2 with a maximum of 24 hit points when you died.